 Dungeon Crawl Stone Soup version 0.28.0-53-g5a82cb258f (webtiles) character file.

Game seed: 1307894735936786934

1386 mcbry74 the Protected (level 8, -2/67 HPs)
             Began as a Gnoll Wanderer on July 22, 2022.
             Was a Follower of Ashenzari.
             Killed from afar by an orc wizard (6 damage)
             ... with a puff of flame
             ... on level 6 of the Dungeon.
             The game lasted 00:26:22 (6938 turns).

mcbry74 the Protected (Gnoll Wanderer)              Turns: 6938, Time: 00:26:22

Health: -2/67      AC: 12    Str: 19    XL:     8   Next: 67%
Magic:  13/13      EV: 11    Int: 12    God:    Ashenzari [*.....]
Gold:   181        SH:  5    Dex: 12    Spells: 10/13 levels left

rFire   . . .      SeeInvis .   a - +3 dagger of the Tethered Oracle {Range, Alch} (curse)
rCold   . . .      Faith    .   (no shield)
rNeg    . . .      Spirit   .   c - +0 scale mail
rPois   .          Reflect  +   (no helmet)
rElec   .          Harm     .   (no cloak)
rCorr   .          Rampage  .   o - +2 pair of gloves "Ensconced Jealousy" {Fort, Melee} (curse)
Will    .....                   (no boots)
Stlth   +.........              e - amulet of reflection
HPRegen 0.21/turn               d - ring of wizardry
MPRegen 0.13/turn               g - +6 ring of strength

@: no status effects
A: fangs 1, strong nose, distributed training
a: Renounce Religion, Curse Item, Shatter the Chains


You were on level 6 of the Dungeon.
You worshipped Ashenzari.
Ashenzari was aware of your devotion.
You visited 1 branch of the dungeon, and saw 6 of its levels.

You collected 181 gold pieces.

Inventory:

Hand Weapons
 a - the cursed +3 dagger of the Tethered Oracle (weapon) {Range, Alch}

   It has a curse which improves the following skills: Ranged Combat: Slings,
   Bows, Crossbows and Throwing.
   Alchemy:   Poison Magic and Transmutations.
 r - a +0 dagger of venom
 s - a +1 whip of venom
 y - a +0 spectral quarterstaff
 z - a +2 rapier of protection
 C - a +1 vorpal hand axe
Missiles
 b - a curare-tipped dart
 h - 119 stones (quivered)
 q - 3 boomerangs
Armour
 c - a +0 scale mail (worn)
 o - the cursed +2 pair of gloves "Ensconced Jealousy" (worn) {Fort, Melee}
   (You found it on level 3 of the Dungeon)

   It has a curse which improves the following skills: Fortitude: Armour and
   Shields.
   Melee Combat: Short Blades, Long Blades, Axes, Maces & Flails, Polearms,
   Staves and Unarmed Combat.
Magical Staves
 t - a staff of death
Jewellery
 d - a ring of wizardry (left hand)
 e - an amulet of reflection (around neck)
 g - a +6 ring of strength (right hand)
 v - a ring of fire
Wands
 l - a wand of digging (7)
 u - a wand of acid (4)
Scrolls
 i - a scroll of teleportation
 m - 2 scrolls of vulnerability
 n - a scroll of enchant weapon
 x - 2 scrolls of identify
 A - a scroll of amnesia
 B - a scroll of summoning
Potions
 f - a potion of haste
 j - a potion of curing
 k - 3 potions of magic
 p - 4 potions of might
 w - a potion of lignification


   Skills:
 + Level 7.5 Fighting
 + Level 3.4(4.2) Short Blades
 + Level 3.4(4.2) Long Blades
 + Level 3.4(4.2) Axes
 + Level 3.4(4.2) Maces & Flails
 + Level 3.4(4.2) Polearms
 + Level 3.4(4.2) Staves
 + Level 3.4(4.2) Slings
 + Level 3.4(4.2) Bows
 + Level 3.4(4.2) Crossbows
 + Level 7.5(8.3) Throwing
 + Level 9.2(10.1) Armour
 + Level 3.4 Dodging
 + Level 3.4 Stealth
 + Level 3.4(4.2) Shields
 + Level 3.4(4.2) Unarmed Combat
 + Level 3.4 Spellcasting
 + Level 2.8 Conjurations
 + Level 2.8 Hexes
 + Level 2.8 Summonings
 + Level 2.8 Necromancy
 + Level 2.8 Translocations
 + Level 2.8(3.6) Transmutations
 + Level 2.8 Fire Magic
 + Level 2.8 Ice Magic
 + Level 2.8 Air Magic
 + Level 2.8 Earth Magic
 + Level 2.8(3.6) Poison Magic
 + Level 3.8 Invocations
 + Level 3.4 Evocations


You had 10 spell levels left.
You knew the following spells:

 Your Spells              Type           Power      Damage    Failure   Level
a - Mephitic Cloud        Conj/Pois/Air  9%         N/A       19%         3

Your spell library contained the following spells:

 Spells                   Type           Power      Damage    Failure   Level
 Ignite Poison            Fire/Tmut/Pois 10%        N/A       17%         3
 Freezing Cloud           Conj/Ice/Air   4%         6-21      86%         5


Dungeon Overview and Level Annotations

Branches:
Dungeon (6/15)             Temple (0/1) D:6

Altars:
Ashenzari
Fedhas
Vehumet
Xom

Annotations:
D:6 mcbry74's ghost, novice HOFi


Innate Abilities, Weirdness & Mutations

You have very sharp teeth.
Your uncanny sense of smell can sniff out nearby items.
Your experience applies equally to all skills.


Message History

An orc comes into view. It is wielding a +0 mace.
Mcbry74's ghost turns its malevolent gaze towards you.
Found 15 gold pieces.
A puff of flame appears from out of thin air!
The puff of flame hits you but does no damage.
You are confused.
A puff of flame appears from out of thin air!
The puff of flame hits you but does no damage.
You hit the orc warrior but do no damage.
Your bite misses the orc warrior.
The orc warrior is heavily wounded.
The orc warrior completely misses you.
You hit the orc warrior but do no damage.
Your bite misses the orc warrior.
The orc warrior is heavily wounded.
The orc barely misses you. The orc barely misses you.
The orc warrior hits you but does no damage.
The orc hits you from afar with a +0 trident.
* * * LOW HITPOINT WARNING * * *
The orc warrior closely misses you.
You closely miss the orc warrior. Your punch misses the orc warrior.
The orc warrior is heavily wounded.
You feel less confused.
The orc hits you from afar with a +0 trident.
* * * LOW HITPOINT WARNING * * *
The orc warrior hits you with a +0 morningstar!
* * * LOW HITPOINT WARNING * * *
Aiming: Corrosive Bolt
Press: ? - help, Shift-Dir - straight line, f/p - orc warrior
Aim: an orc warrior, wielding a +0 morningstar and wearing a +0 chain mail (heavily wounded, 71% to hit)
The bolt of acid hits the orc warrior.
The acid corrodes the orc warrior!
The orc warrior is severely wounded.
The bolt of acid hits the orc!
You kill the orc!
The bolt of acid hits something!
The acid corrodes something!
The orc warrior hits you but does no damage.
A puff of flame appears from out of thin air!
The puff of flame hits you.
You die...

##### #...# #...# # #...# .#
####...##############...#
...'...............>....#
####.............###....#
####!..........o........#
............{)..@.###...#
............o#.##.# #...#
............[#.##.###...#####
.............#.##...........#
.............#.##...#...#...#
.............#.##...#.⌠.#...#
#............#.##.###...###.##
###..........#.##............#
W.##.........#.##..⌠..>..⌠...#


You could see an orc warrior (corroded) and an orc.

Vanquished Creatures
  Eustachio (D:5)
  A water moccasin (D:5)
  2 black bears
  2 ogres (D:5)
  A centaur (D:5)
  A phantom (D:5)
  2 scorpions
  4 orc priests
  2 hounds (D:5)
  3 orc wizards
  Natasha (twice) (D:3)
  A killer bee zombie (D:5)
  5 gnolls
  3 adders
  An ufetubus (D:5)
  2 worms (D:2)
  A dart slug (D:3)
  15 orcs
  8 bats
  5 endoplasms
  A giant cockroach (D:2)
  5 goblins
  13 hobgoblins
  4 quokkas
  9 ball pythons
  6 frilled lizards
  14 kobolds
  13 rats
127 creatures vanquished.

Vanquished Creatures (others)
  An orc (D:6)
1 creature vanquished.

Grand Total: 128 creatures vanquished

Notes
Turn   | Place    | Note
-------+----------+-------------------------------------------
     0 | D:1      | mcbry74 the Gnoll Wanderer began the quest for the Orb.
     0 | D:1      | mcbry74 set off with the following items: a +3 dagger, a
                  | curare-tipped dart, a +0 scale mail
     0 | D:1      | Reached XP level 1. HP: 23/23 MP: 1/1
   176 | D:1      | Reached XP level 2. HP: 29/29 MP: 2/2
   594 | D:1      | Reached XP level 3. HP: 35/35 MP: 3/3
   622 | D:1      | Found a faded altar of an unknown god.
   632 | D:1      | Prayed at the altar of an unknown god.
   632 | D:1      | Became a worshipper of Ashenzari the Shackled
   686 | D:1      | Reached skill level 1 in Invocations
  1105 | D:1      | Reached skill level 1 in Short Blades
  1105 | D:1      | Reached skill level 1 in Long Blades
  1105 | D:1      | Reached skill level 1 in Axes
  1105 | D:1      | Reached skill level 1 in Maces & Flails
  1105 | D:1      | Reached skill level 1 in Polearms
  1105 | D:1      | Reached skill level 1 in Staves
  1105 | D:1      | Reached skill level 1 in Slings
  1105 | D:1      | Reached skill level 1 in Bows
  1105 | D:1      | Reached skill level 1 in Crossbows
  1105 | D:1      | Reached skill level 1 in Dodging
  1105 | D:1      | Reached skill level 1 in Stealth
  1105 | D:1      | Reached skill level 1 in Shields
  1105 | D:1      | Reached skill level 1 in Unarmed Combat
  1105 | D:1      | Reached skill level 1 in Spellcasting
  1105 | D:1      | Reached skill level 1 in Evocations
  1347 | D:2      | Reached XP level 4. HP: 39/41 MP: 5/5
  1511 | D:2      | Reached skill level 1 in Conjurations
  1511 | D:2      | Reached skill level 1 in Hexes
  1511 | D:2      | Reached skill level 1 in Summonings
  1511 | D:2      | Reached skill level 1 in Necromancy
  1511 | D:2      | Reached skill level 1 in Translocations
  1511 | D:2      | Reached skill level 1 in Transmutations
  1511 | D:2      | Reached skill level 1 in Fire Magic
  1511 | D:2      | Reached skill level 1 in Ice Magic
  1511 | D:2      | Reached skill level 1 in Air Magic
  1511 | D:2      | Reached skill level 1 in Earth Magic
  1511 | D:2      | Reached skill level 1 in Poison Magic
  2320 | D:2      | Reached XP level 5. HP: 47/47 MP: 6/6
  2733 | D:3      | Noticed Natasha
  2745 | D:3      | Killed Natasha
  3036 | D:4      | Found a faded altar of an unknown god.
  3636 | D:3      | Reached * piety under Ashenzari
  4039 | D:3      | Reached XP level 6. HP: 53/53 MP: 8/8
  4665 | D:4      | Noticed a black bear
  4678 | D:3      | Noticed Natasha
  4686 | D:3      | Killed Natasha
  4784 | D:4      | Killed a black bear
  4942 | D:4      | Reached XP level 7. HP: 25/59 MP: 10/10
  5431 | D:4      | Found a blossoming altar of Fedhas.
  5435 | D:4      | Found a shimmering altar of Xom.
  5438 | D:4      | Found a radiant altar of Vehumet.
  5466 | D:5      | Entered Level 5 of the Dungeon
  5493 | D:5      | Learned a level 3 spell: Mephitic Cloud
  5561 | D:5      | Reached skill level 9 in Armour
  6121 | D:5      | Noticed Eustachio
  6129 | D:5      | Reached XP level 8. HP: 35/67 MP: 12/12
  6196 | D:5      | Killed Eustachio
  6772 | D:6      | Found a staircase to the Ecumenical Temple.
  6909 | D:6      | Noticed mcbry74's ghost (novice HOFi)
  6931 | D:6      | HP: 3/67 [orc warrior/+0 morningstar (9)]
  6938 | D:6      | Killed from afar by an orc wizard

Illustrated notes

Levels and vault maps discovered:
D:1:      dpeg_arrival_simpleton_b, layout_basic,
          ebering_ecumenical_altar_sacrificial, minmay_rat_gold_closets
D:2:      layout_basic
D:3:      cheibrodos_old_hovel, layout_basic, uniq_natasha
D:4:      layout_cave_pools, grunt_temple_overflow_diamond, serial_column_ruins,
          column_ruins_courtyard_long, column_ruins_temple_circle,
          column_ruins_columns_straight, column_ruins_corridor_straight,
          column_ruins_columns_straight
D:5:      layout_loops_ring, amcnicky_mini_rare_corridor_liquid, uniq_eustachio
D:6:      layout_basic, minmay_temple_entry_junction_2,
          gammafunk_ghost_stat_death, minmay_mini_ossuary

Skill      XL: |  1  2  3  4  5  6  7  8 |
---------------+-------------------------+-----
Invocations    | 1 2 3 |  3.8
Short Blades   | 1 2 3 |  3.4
Long Blades    | 1 2 3 |  3.4
Axes           | 1 2 3 |  3.4
Maces & Flails | 1 2 3 |  3.4
Polearms       | 1 2 3 |  3.4
Staves         | 1 2 3 |  3.4
Slings         | 1 2 3 |  3.4
Bows           | 1 2 3 |  3.4
Crossbows      | 1 2 3 |  3.4
Dodging        | 1 2 3 |  3.4
Stealth        | 1 2 3 |  3.4
Shields        | 1 2 3 |  3.4
Unarmed Combat | 1 2 3 |  3.4
Spellcasting   | 1 2 3 |  3.4
Evocations     | 1 2 3 |  3.4
Conjurations   | 1 2 |  2.8
Hexes          | 1 2 |  2.8
Summonings     | 1 2 |  2.8
Necromancy     | 1 2 |  2.8
Translocations | 1 2 |  2.8
Transmutations | 1 2 |  2.8
Fire Magic     | 1 2 |  2.8
Ice Magic      | 1 2 |  2.8
Air Magic      | 1 2 |  2.8
Earth Magic    | 1 2 |  2.8
Poison Magic   | 1 2 |  2.8
Fighting       | 7 |  7.5
Throwing       | 7 |  7.5
Armour         | 9 |  9.2

Action                   |  1- 3 |  4- 6 |  7- 9 || total
-------------------------+-------+-------+-------++-------
Melee: Dagger            |    99 |   268 |   229 ||   596
       Bite              |     6 |    35 |    15 ||    56
       Punch             |     3 |     8 |     5 ||    16
Throw: Dart              |     1 |       |       ||     1
       Stone             |    24 |    99 |    57 ||   180
Invok: Curse Item        |     1 |     1 |       ||     2
Evoke: Wand              |       |       |     3 ||     3
  Use: Scroll            |     1 |       |       ||     1
       Potion            |       |     3 |       ||     3
Armor: Scale mail        |    35 |    91 |    95 ||   221
Dodge: Dodged            |    38 |    78 |    73 ||   189
Block: Other             |    19 |    54 |    33 ||   106
       Reflection        |       |       |     2 ||     2
